 Dungeon Crawl Stone Soup version 0.27-a0-1296-g8ece459b43 (webtiles) character file.

Game seed: 11285680813110686852

2574 HAL9000 the Slicer (level 9, -1/42 HPs)
             Began as a Vine Stalker Brigand on June 16, 2021.
             Was a Follower of Uskayaw.
             Shot with an arrow by a centaur (2 damage)
             ... on level 8 of the Dungeon.
             The game lasted 00:18:22 (7313 turns).

HAL9000 the Slicer (Vine Stalker Brigand)           Turns: 7313, Time: 00:18:22

Health: -1/42      AC: 16    Str: 16    XL:     9   Next: 57%
Magic:  0/19       EV:  7    Int: 12    God:    Uskayaw [*.....]
Gold:   431        SH:  0    Dex: 16    Spells: 3/8 levels left

rFire    + . .     SeeInvis .   A - +2 dagger (venom)
rCold    . . .     Faith    .   (no shield)
rNeg     . . .     Spirit   +   f - +0 storm dragon scales
rPois    .         Reflect  .   p - +0 helmet
rElec    +         Harm     .   c - +0 cloak
rCorr    .         Rampage  .   (no gloves)
Will     +....                  M - +0 pair of boots
Stlth    ..........             (no amulet)
HPRegen  1.14/turn              i - ring of protection from fire
MPRegen  0.16/turn              l - ring of magical power

@: no status effects
A: fangs 3, regeneration 1, magic shield, antimagic bite, no potion heal 2
a: Renounce Religion, Stomp


You were on level 8 of the Dungeon.
You worshipped Uskayaw.
Uskayaw was noncommittal.
You visited 2 branches of the dungeon, and saw 9 of its levels.

You collected 431 gold pieces.

Inventory:

Hand Weapons
 A - a +2 dagger of venom (weapon)
Missiles
 d - 8 poisoned darts (quivered)
 o - 4 boomerangs
 E - a throwing net
 J - a curare-tipped dart
 L - 35 bolts
Armour
 c - a +0 cloak (worn)
 f - +0 storm dragon scales (worn)
 p - a +0 helmet (worn)
 M - a +0 pair of boots (worn)
Jewellery
 i - a ring of protection from fire (left hand)
 l - a ring of magical power (right hand)
 q - a ring of see invisible
 r - a ring of ice
 D - a ring of protection from fire
 K - a ring of magical power
Wands
 u - a wand of charming (2)
 v - a wand of polymorph (1)
 H - a wand of acid (2)
Scrolls
 a - a scroll of enchant armour {unknown}
 h - a scroll of amnesia
 m - 2 scrolls of magic mapping
 n - a scroll of holy word {unknown}
 y - 2 scrolls of noise {unknown}
 B - a scroll of immolation {unknown}
 C - 2 scrolls of teleportation {unknown}
 I - a scroll of torment {unknown}
Potions
 j - 2 potions of attraction
 k - a potion of ambrosia
 s - a potion of flight
 t - a potion of brilliance
 w - 2 potions of haste
 x - a potion of mutation
 z - 3 potions of curing
 F - a potion of lignification
 G - a potion of magic {unknown}
Miscellaneous
 e - a piece from Xom's chessboard (15/15)


   Skills:
 - Level 1.7 Fighting
 + Level 9.3 Short Blades
 - Level 1.7 Throwing
 - Level 6.4 Armour
 - Level 0.7 Dodging
 - Level 4.8 Stealth
 - Level 0.1 Transmutations


You had 3 spell levels left.
You knew the following spells:

 Your Spells              Type           Power      Damage    Failure   Level
a - Wereblood             Tmut           0%         N/A       100%        2
b - Confusing Touch       Hex            0%         N/A       100%        3

Your spell library contained the following spells:

 Spells                   Type           Power      Damage    Failure   Level
 Beastly Appendage        Tmut           0%         N/A       99%         1
 Magic Dart               Conj           0%         1d3       99%         1
 Sandblast                Erth           0%         2d4       99%         1
 Passwall                 Tmut/Erth      0%         N/A       100%        2
 Searing Ray              Conj           0%         3d3       100%        2
 Dazzling Flash           Conj/Hex       0%         N/A       100%        3
 Gell's Gravitas          Tloc           0%         N/A       100%        3
 Spider Form              Tmut/Pois      0%         N/A       100%        3
 Stone Arrow              Conj/Erth      0%         3d7       100%        3
 Fulminant Prism          Conj/Hex       0%         3d6       100%        4
 Ice Form                 Ice/Tmut       0%         N/A       100%        4
 Iskenderun's Mystic Bla  Conj/Tloc      0%         2d3       100%        4
 Petrify                  Tmut/Erth      0%         N/A       100%        4
 Lee's Rapid Deconstruct  Erth           0%         3d5*      100%        5
 Metabolic Englaciation   Hex/Ice        0%         N/A       100%        5
 Yara's Violent Unravell  Hex/Tmut       0%         3d3       100%        5


Dungeon Overview and Level Annotations

Branches:
Dungeon (8/15)             Temple (1/1) D:5
   Lair: D:8-11

Altars:
Ashenzari
Cheibriados
Dithmenos
Elyvilon
Fedhas
Gozag
Hepliaklqana
Kikubaaqudgha
Makhleb
Nemelex Xobeh
Okawaru
Qazlal
Ru
Sif Muna
Trog
Uskayaw
Vehumet
Wu Jian
Xom
Yredelemnul
Zin
The Shining One

Shops:
D:8 (


Innate Abilities, Weirdness & Mutations

You have razor-sharp teeth.
Your natural rate of healing is unusually fast.
When hurt, damage is shared between your health and your magic reserves.
Your bite disrupts and absorbs the magic of your enemies.
Potions cannot restore your health.


Message History

You can no longer pass through a line of other dancers.
The centaur shoots an arrow.
The arrow closely misses you.
The centaur shoots an arrow.
The arrow hits you.
The centaur shoots an arrow.
The arrow closely misses you.
The centaur shoots an arrow.
The arrow hits you but does no damage.
The centaur shoots an arrow.
The arrow hits you!
The centaur shoots an arrow.
The arrow hits you but does no damage.
The centaur shoots an arrow.
The arrow hits you.
The centaur shoots an arrow.
The arrow hits you!
The centaur shoots an arrow.
The arrow hits you!
* * * LOW HITPOINT WARNING * * *
The centaur shoots an arrow.
The arrow hits you!
* * * LOW HITPOINT WARNING * * *
The centaur shoots an arrow.
The arrow hits you but does no damage.
The centaur shoots an arrow.
The arrow hits you!
* * * LOW HITPOINT WARNING * * *
Found 12 gold pieces.
Found Qirutona's Weapon Emporium.
As you read the scroll labelled GELOVO ZOSAUNKUIN, it crumbles to dust.
The scroll dissolves into smoke.
It was a scroll of fog.
Unknown command.
As you read the scroll labelled QUTTEL EDOASS, it crumbles to dust.
It is a scroll of amnesia.
Really abort (and waste the scroll)? [Y]es or [N]o only, please.
Really abort (and waste the scroll)?
Okay, then.
The centaur shoots an arrow.
The arrow hits you but does no damage.
The gargoyle hurls a stone arrow at you.
The stone arrow hits you!
* * * LOW HITPOINT WARNING * * *
Okay, then.
Okay, then.
Okay, then.
As you read the scroll labelled WATZAO GE MOWY, it crumbles to dust.
You feel aware of your surroundings.
It was a scroll of magic mapping.
The centaur shoots an arrow.
The arrow hits you.
* * * LOW HITPOINT WARNING * * *
The centaur shoots an arrow.
The arrow hits you.
You die...

*,,,* *,,,* **♣#* *,,,***,∩.♣##**
*,,,**,,♣.....* **,,,,,,,.$....*
#### ,*,,,**,,......######## #.))
,*,,,**,,.....§§.§c...########)##
,,,,,,,,,......§§§§.c..........#
,,******#.#####§@#####.........#
,** ***..######§9§###.........#
,*****,,,#.....§##§..#.........#
***,,,,**#......#*##...........##
**,,**** #......# ###...#...###.
**,** ###......#####............
**,* ##.........................
**,*###...........c..............
**,,....(......c.###.............


You could see a gargoyle and a centaur.

Vanquished Creatures
  Prince Ribbit (D:5)
  Sigmund (D:3)
  Duvessa (D:5)
  A water moccasin (D:8)
  2 sky beasts (D:6)
  An orc warrior (D:4)
  A black bear (D:6)
  An ogre (D:5)
  A kobold brigand (D:7)
  A bullfrog (D:7)
  A gnoll sergeant (D:6)
  A wyvern zombie (D:8)
  A scorpion (D:7)
  A wyvern skeleton (D:5)
  A water moccasin skeleton (D:4)
  A water moccasin zombie (D:6)
  Dowan (D:5)
  A howler monkey (D:7)
  2 centaur zombies
  3 hounds
  A jelly (D:6)
  2 orc priests
  Crazy Yiuf (D:3)
  A centaur skeleton (D:7)
  2 bullfrog skeletons
  3 iguanas
  Ijyb (D:3)
  Natasha (twice) (D:4)
  4 orc wizards
  A hound zombie (D:5)
  2 howler monkey zombies (D:7)
  5 gnolls (D:6)
  9 river rats (D:7)
  8 adders
  A white imp (D:7)
  An ufetubus (D:7)
  4 worms
  2 dart slugs (D:4)
  18 orcs
  5 ball pythons
  8 endoplasms
  3 giant cockroaches (D:1)
  8 goblins
  6 hobgoblins
  6 jackals
  8 quokkas
  11 bats
  4 frilled lizards
  15 kobolds
  22 rats
188 creatures vanquished.

Notes
Turn   | Place    | Note
-------+----------+-------------------------------------------
     0 | D:1      | HAL9000 the Vine Stalker Brigand began the quest for the
                  | Orb.
     0 | D:1      | Reached XP level 1. HP: 11/11 MP: 2/2
    42 | D:1      | Reached skill level 2 in Short Blades
    95 | D:1      | Reached XP level 2. HP: 15/15 MP: 3/3
   468 | D:1      | Reached skill level 3 in Short Blades
   569 | D:1      | Reached XP level 3. HP: 8/18 MP: 2/4
  1456 | D:2      | Gained mutation: Your natural rate of healing is unusually
                  | fast. [Vine Stalker growth]
  1456 | D:2      | Reached XP level 4. HP: 19/23 MP: 3/5
  1585 | D:2      | Found a faded altar of an unknown god.
  2049 | D:3      | Reached skill level 4 in Short Blades
  2111 | D:3      | Found a blossoming altar of Fedhas.
  2349 | D:3      | Reached XP level 5. HP: 2/26 MP: 1/6
  2575 | D:3      | Learned a level 2 spell: Wereblood
  2605 | D:3      | Noticed Sigmund
  2632 | D:3      | Killed Sigmund
  2633 | D:3      | Reached skill level 5 in Short Blades
  2633 | D:3      | Reached XP level 6. HP: 23/30 MP: 5/7
  2653 | D:3      | Learned a level 3 spell: Confusing Touch
  2799 | D:3      | Noticed Ijyb
  2846 | D:3      | Killed Ijyb
  2847 | D:3      | Reached skill level 6 in Short Blades
  2864 | D:3      | Found a runed translucent door.
  2865 | D:3      | Noticed Crazy Yiuf
  2894 | D:3      | Killed Crazy Yiuf
  3631 | D:4      | Noticed Natasha
  3650 | D:4      | Killed Natasha
  3651 | D:4      | Reached XP level 7. HP: 34/34 MP: 8/8
  3988 | D:4      | Noticed Natasha
  3996 | D:4      | Killed Natasha
  4143 | D:5      | Entered Level 5 of the Dungeon
  4293 | D:4      | Reached skill level 7 in Short Blades
  4437 | D:5      | Noticed Prince Ribbit
  4447 | D:5      | Killed Prince Ribbit
  4448 | D:5      | Reached skill level 8 in Short Blades
  4499 | D:5      | Gained mutation: You have razor-sharp teeth. [Vine Stalker
                  | growth]
  4499 | D:5      | Reached XP level 8. HP: 24/38 MP: 9/9
  4529 | D:5      | Reached skill level 1 in Armour
  4606 | D:5      | Found a staircase to the Ecumenical Temple.
  4655 | Temple   | Entered the Ecumenical Temple
  4760 | Temple   | Became a worshipper of Uskayaw the Reveller
  4878 | D:5      | Noticed Duvessa
  4878 | D:5      | Noticed Dowan
  4886 | D:5      | Reached * piety under Uskayaw
  4888 | D:5      | Killed Dowan
  4888 | D:5      | Reached ** piety under Uskayaw
  4936 | D:5      | Killed Duvessa
  5585 | D:6      | Reached *** piety under Uskayaw
  5590 | D:6      | Reached **** piety under Uskayaw
  5856 | D:6      | Reached skill level 5 in Armour
  5979 | D:6      | Reached XP level 9. HP: 34/42 MP: 10/10
  6843 | D:7      | Reached ***** piety under Uskayaw
  7195 | D:8      | Reached skill level 9 in Short Blades
  7288 | D:8      | Noticed a gargoyle
  7310 | D:8      | Found Qirutona's Weapon Emporium.
  7312 | D:8      | HP: 1/42 [gargoyle/stone arrow (9)]
  7313 | D:8      | Shot with an arrow by a centaur

Illustrated notes

Levels and vault maps discovered:
D:1:      saegor_arrival_simple_d, layout_basic
D:2:      layout_basic, ebering_ecumenical_altar_box
D:3:      layout_loops_ring, fedhas_ov_isle_minmay, uniq_crazy_yiuf_cottage,
          uniq_ijyb, uniq_sigmund
D:4:      layout_basic, minmay_unequal, uniq_natasha
D:5:      layout_loops_ring, minmay_temple_entry_arrows, minivault_1,
          uniq_prince_ribbit1, uniq_duvessa
D:6:      layout_loops_ring
D:7:      lemuel_ratsnest, layout_cave_pools
D:8:      layout_rooms, serial_shops, nicolae_shop_trees, grunt_ministairs_7
Temple:   kilobyte_greek_temple

Skill      XL: |  1  2  3  4  5  6  7  8  9 |
---------------+----------------------------+-----
Short Blades   | 2 3 4 5 6 8 9 |  9.3
Armour         | 5 6 |  6.4
Fighting       | |  1.7
Throwing       | |  1.7
Dodging        | |  0.7
Stealth        | |  4.8
Transmutations | |  0.1

Action                   |  1- 3 |  4- 6 |  7- 9 || total
-------------------------+-------+-------+-------++-------
Melee: Dagger            |   123 |   247 |   448 ||   818
       Bite              |    27 |    78 |   155 ||   260
Throw: Dart              |       |     6 |    18 ||    24
       Boomerang         |       |       |     6 ||     6
Evoke: Wand              |       |       |     9 ||     9
  Use: Scroll            |       |       |    11 ||    11
 Stab: Sleeping          |     1 |       |       ||     1
       Paralysed         |       |       |     9 ||     9
Armor: Storm dragon scal |    78 |   134 |   168 ||   380
       Robe              |     2 |       |       ||     2
       Skin              |       |     9 |       ||     9
Dodge: Dodged            |    37 |    45 |   111 ||   193

Table legend: (Time is in decaauts)
 A = Elapsed time spent in this place.
 B = Non-inter-level travel time spent in this place.
 C = Inter-level travel time spent in this place.
 D = Time resting spent in this place.
 E = Time spent auto-exploring this place.
 F = Levels seen in this place.
 G = Mean time per level.
                   A        B        C        D        E       F      G
               +--------+--------+--------+--------+--------+-----+--------+
         Total |   7046 |   6927 |    119 |    370 |   5065 |   9 |  782.9 |
       Dungeon |   6847 |   6736 |    111 |    370 |   4935 |   8 |  855.9 |
        Temple |    198 |    190 |      8 |      0 |    130 |   1 |  198.0 |
               +--------+--------+--------+--------+--------+-----+--------+

Top non-repeatable levels by time:
     D:4: 1184 daAuts
     D:3: 1058 daAuts
     D:1: 1038 daAuts
     D:2: 970 daAuts
     D:5: 967 daAuts
     D:6: 784 daAuts
     D:7: 728 daAuts
  Temple: 198 daAuts
     D:8: 116 daAuts
